 Dungeon Crawl Stone Soup version 0.30.0-3-ga4e48a9924 (webtiles) character file.

Game seed: 2681830016209087691

321 Kaboulah the Sneak (level 6, -2/36 HPs)
             Began as a Kobold Enchanter on May 7, 2023.
             Engulfed by a cloud of flame (25 damage)
             ... on level 4 of the Dungeon.
             The game lasted 00:46:28 (3055 turns).

Kaboulah the Sneak (Kobold Enchanter)               Turns: 3055, Time: 00:46:29

Health: -2/36      AC:  2    Str:  5    XL:     6   Next: 76%
Magic:  10/10      EV: 16    Int: 16    God:
Gold:   132        SH:  0    Dex: 18    Spells: 2/10 levels left

rFire   . . .        d - +0 dagger (drain)
rCold   . . .        (no shield)
rNeg    . . .        m - +0 robe of the Lair of Beasts {rPois}
rPois   +            (no helmet)
rElec   .            (no cloak)
rCorr   .            (no gloves)
SInv    .            (no boots)
Will    .....        (no amulet)
Stlth   ++++         (no ring)
HPRegen 0.26/turn    (no ring)
MPRegen 0.12/turn

%: no passive effects
@: no status effects
A: small, no large weapons, nightstalker 3
a: no special abilities


You were on level 4 of the Dungeon.
You visited 1 branch of the dungeon, and saw 4 of its levels.
You also visited: Sewer.

You collected 132 gold pieces.

Inventory:

Hand Weapons
 b - a +2 short sword of venom
 d - a +0 dagger of draining (weapon)
 l - a +0 antimagic dagger
Armour
 m - the +0 robe of the Lair of Beasts (worn) {rPois}
   (You found it on level 3 of the Dungeon)

   rPois:     It protects you from poison.
Wands
 q - a wand of mindburst (6)
Scrolls
 a - 2 scrolls of enchant weapon {unknown}
 e - a scroll of immolation {unknown}
 f - 2 scrolls of teleportation
 g - a scroll of enchant armour {unknown}
 i - a scroll of identify {unknown}
Potions
 c - a potion of invisibility
 h - 2 potions of lignification {unknown}
 j - 2 potions of heal wounds
 k - a potion of resistance
 n - a potion of flight
 o - 3 potions of curing
 p - a potion of haste {unknown}


   Skills:
 * Level 2.5 Fighting
 * Level 3.4 Short Blades
 * Level 4.0 Dodging
 * Level 5.5 Stealth
 + Level 2.8 Spellcasting
 * Level 3.9 Hexes
 + Level 1.1 Ice Magic


You had 2 spell levels left.
You knew the following spells:

 Your Spells              Type           Power      Damage    Failure   Level
a - Ensorcelled Hibernat  Hex/Ice        20%        N/A       10%         2
b - Tukima's Dance        Hex            14%        N/A       12%         3
c - Confusing Touch       Hex            14%        N/A       12%         3

Your spell library contained the following spells:

 Spells                   Type           Power      Damage    Failure   Level
 Shock                    Conj/Air       8%         1d3       19%         1
 Dazzling Flash           Conj/Hex       16%        N/A       26%         3
 Inner Flame              Hex/Fire       8%         N/A       26%         3
 Swiftness                Air            2%         N/A       50%         3
 Airstrike                Air            1%         2d(1-17)  88%         4
 Flame Wave               Conj/Fire      2%         2d4       88%         4
 Passage of Golubria      Tloc           2%         N/A       88%         4
 Sticky Flame             Conj/Fire      2%         2d3       88%         4
 Yara's Violent Unravell  Hex/Tmut       4%         3d4       93%         5


Dungeon Overview and Level Annotations

Branches:
Dungeon (4/15)              Sewer (visited)
 Temple: D:4-7

Altars:
Sif Muna


Innate Abilities, Weirdness & Mutations

You are small and have problems with some larger weapons.
You are completely attuned to the shadows.


Message History

Found a stone staircase leading down.
Items here: ( ) [ †.
Press: ? - help, v - describe, . - travel, g - get item
Items here: ( ) [ †.
The floor, spattered with blood.
Done exploring.
There is a stone staircase leading down here.
You climb downwards.
Found a rapier.
Found a shimmering blue altar of Sif Muna.
There is a stone staircase leading up here.
You climb upwards.
There is a stone staircase leading down here.
Search for what [Enter for "."]?
You climb downwards.
There is a stone staircase leading up here.
Saving game... please wait.
Welcome back, Kaboulah the Kobold Enchanter.
Press ? for a list of commands and other information.
There is a shimmering blue altar of Sif Muna here.
You kneel at the altar of Sif Muna.
Press: ? - help, v - describe, . - travel, g - get item Item here: a glowing whip.
The floor.
There is a cloud of flame here.
Really walk into a travel-excluded area?
Found 36 gold pieces.
Press: ? - help, v - describe, . - travel, g - get item Item here: a glowing whip.
The floor.
There is a cloud of flame here.
Press: ? - help, v - describe, . - travel, g - get item Item here: a glowing whip.
The floor.
There is a cloud of flame here.
Really walk into a travel-excluded area?
Found 7 gold pieces.
You are engulfed in blazing flames.
Found 14 gold pieces.
You are engulfed in blazing flames.
Ouch! That really hurt!
You die...

.######
...$$$..○°.##
§.$.$.§§§..#
...$.§§○..#
#...#####.#
#@§.# #.# #§§☼#
#.# #§§☼# #.#
###...# #.#
#.....## ##.#
#......# #..#
#.....####.###
#.....##.#.#.###
....#..........#


There were no monsters in sight!

Vanquished Creatures
  2 kobold brigands (Sewer)
  Ijyb (D:3)
  An orc wizard (D:3)
  2 adders (D:3)
  A river rat (Sewer)
  5 worms
  2 dart slugs
  4 orcs
  5 bats
  7 endoplasms
  3 giant cockroaches
  4 hobgoblins
  2 jackals (Sewer)
  8 kobolds
  4 quokkas
  2 ball pythons
  7 frilled lizards
  2 goblins
  25 rats
87 creatures vanquished.

Vanquished Creatures (collateral kills)
  A kobold (Sewer)
1 creature vanquished.

Vanquished Creatures (others)
  A kobold (D:4)
1 creature vanquished.

Grand Total: 89 creatures vanquished

Notes
Turn   | Place    | Note
-------+----------+-------------------------------------------
     0 | D:1      | Kaboulah the Kobold Enchanter began the quest for the Orb.
     0 | D:1      | Reached XP level 1. HP: 10/10 MP: 3/3
   147 | D:1      | Reached XP level 2. HP: 12/15 MP: 5/5
   398 | D:1      | Reached XP level 3. HP: 20/20 MP: 6/6
   450 | D:1      | Reached skill level 1 in Fighting
   666 | D:1      | Learned a level 2 spell: Ensorcelled Hibernation
   984 | D:2      | Identified the +10 hand axe of Ytees {vamp, *Corrode Str+7}
  1182 | D:2      | Learned a level 3 spell: Tukima's Dance
  1420 | D:3      | Reached XP level 4. HP: 25/25 MP: 5/7
  1651 | D:3      | Reached XP level 5. HP: 20/29 MP: 5/8
  1677 | D:3      | Learned a level 3 spell: Confusing Touch
  1680 | D:3      | Found a glowing drain.
  1681 | D:3      | Identified the +0 robe of the Lair of Beasts {rPois}
  1712 | Sewer    | Entered a sewer
  1753 | Sewer    | Noticed a kobold brigand
  1793 | Sewer    | Killed a kobold brigand
  1794 | Sewer    | Reached skill level 5 in Stealth
  1794 | Sewer    | Reached XP level 6. HP: 32/35 MP: 6/10
  1873 | Sewer    | Reached skill level 1 in Ice Magic
  2178 | Sewer    | Found a white marble altar of Elyvilon.
  2612 | D:3      | Noticed Ijyb
  2617 | D:3      | Killed Ijyb
  2988 | D:4      | Found a shimmering blue altar of Sif Muna.
  3055 | D:4      | Engulfed by a cloud of flame

Illustrated notes

Levels and vault maps discovered:
D:1:      sevenhm_arrival_forest_fort_large_2, layout_rooms, minivault_25
D:2:      layout_rooms, serial_forest, infiniplex_forest_lined_3,
          infiniplex_forest_lined_2, infiniplex_forest_end_double,
          infiniplex_forest_lined_ring, hangedman_decor_push
D:3:      minmay_evil_eye, layout_rooms, serial_curves, eino_curves_02,
          eino_curves_03, cheibrodos_sewer_entry_bend, minmay_rat_hole,
          uniq_ijyb
D:4:      layout_cave_pools, mainiacjoe_overflow_boulevard,
          mainiacjoe_overflow_paths, lemuel_flame_loot_1

Skill      XL: |  1  2  3  4  5  6 |
---------------+-------------------+-----
Fighting       | 1 2 |  2.5
Short Blades   | 2 3 |  3.4
Dodging        | 3 4 |  4.0
Stealth        | 5 |  5.5
Ice Magic      | 1 |  1.1
Spellcasting   | |  2.8
Hexes          | |  3.9

Action                     |  1- 3 |  4- 6 || total
---------------------------+-------+-------++-------
  Melee: Dagger            |    65 |   113 ||   178
   Cast: Ensorcelled Hiber |     6 |    25 ||    31
         Tukima's Dance    |       |     7 ||     7
    Use: Scroll            |     1 |       ||     1
         Potion            |       |     2 ||     2
   Stab: Sleeping          |    24 |    27 ||    51
         Invisible         |       |     2 ||     2
 Armour: Robe              |     4 |     9 ||    13
  Dodge: Dodged            |    36 |    88 ||   124
